Map: At Eternity's Edge LE

Players

KAPITANSALAM

  • Race: Zerg Zerg
  • League: Master

A.I. 1 (Very Easy) - Winner!

  • Race: Zerg Zerg

VOD

Have the link to the VOD?

Description

Time

  • Played on: July 14, 2026, 9:22 p.m.
  • Length: 2:29
Show
View Real Time Build Order
Export as new Build Order

KAPITANSALAM Zerg 

Build Orders: Hatch First 

Get SALT Encoding   

  8  0:00  Drone  
  9  0:10  Drone  
  10  0:16  Drone  
  11  0:27  Overlord  
  11  0:33  Drone  
  12  0:46  Drone x2  
  14  0:50  Drone  
  15  1:10  Hatchery  
  14  1:14  Drone  
  14  1:17  Drone  
  16  1:21  Drone  
  17  1:36  Spawning Pool  
  17  1:38  Drone  
  17  1:41  Drone  
  18  1:49  Drone  
  18  1:52  Extractor  
  18  1:59  Drone  
  19  2:09  Overlord  
Show
View Real Time Build Order
Export as new Build Order

A.I. 1 (Very Easy) Zerg - Winner!

Build Orders: Pool Only 

Get SALT Encoding   

  8  0:01  Drone  
  9  0:11  Drone  
  10  0:18  Drone  
  11  0:25  Drone  
  12  0:35  Overlord  
  12  0:53  Drone  
  13  1:00  Drone  
  13  1:02  Spawning Pool  
  13  1:07  Drone  
  13  1:10  Extractor  
  13  1:14  Drone  
  14  1:22  Overlord  
  14  1:49  Zergling x2  
  14  1:51  Queen  
  17  2:03  Roach Warren  
  17  2:04  Extractor  
  15  2:09  Zergling x2, Drone  
  17  2:16  Drone  
Tags
 
Add a new tag
Caveats
  • Supply blocks, unpowered buildings, or Contaminate may cause inaccurate times.
  • Supply counts are checked every 10 seconds.